 Dungeon Crawl Stone Soup version 0.32-a0-558-g233958a4c4 (webtiles) character file.

Game seed: 2483539823645077459

573 Vorinclex the Slasher (level 7, -5/55 HPs)
             Began as a Coglin Warper on Feb 29, 2024.
             Was an Initiate of Okawaru.
             Slain by a water moccasin (7 damage)
             ... on level 5 of the Dungeon.
             The game lasted 00:05:28 (3930 turns).

Vorinclex the Slasher (Coglin Warper)               Turns: 3930, Time: 00:05:28

Health: -5/55      AC:  3    Str: 12    XL:     7   Next: 34%
Magic:  9/9        EV: 11    Int: 12    God:    Okawaru [......]
Gold:   190        SH:  0    Dex: 15    Spells: 9/9 levels left

rFire   + . .        a - +0 falchion {Marisol}
rCold   + . .        o - +0 long sword {Gunther}
rNeg    . . .        b - +0 leather armour
rPois   +            (no helmet)
rElec   +            j - scarf {repulsion}
rCorr   +            (no gloves)
SInv    .            (no boots)
Will    .....        (amulet unavailable)
Stlth   +            (ring unavailable)
HPRegen 0.29/turn    (ring unavailable)
MPRegen 0.11/turn    (no gizmo)

%: repel missiles
@: lethally poisoned (-5 -> -23), resistant, revved
A: off-hand wielding, slow wielding, warmup strikes, no jewelry
a: Invent Gizmo, Renounce Religion


You were on level 5 of the Dungeon.
You worshipped Okawaru.
Okawaru was noncommittal.
You visited 2 branches of the dungeon, and saw 6 of its levels.

You collected 190 gold pieces.

Inventory:

Hand Weapons
 a - a +0 falchion (weapon) {Marisol}
 e - a +0 club {Vicente}
 h - a +0 short sword {Prasit}
 o - a +0 long sword (offhand) {Gunther}
Missiles
 d - 7 darts of dispersal (quivered)
Armour
 b - a +0 leather armour (worn)
 j - a scarf of repulsion (worn)
 r - a +0 helmet
Wands
 c - a wand of light (2)
Scrolls
 f - 5 scrolls of identify {unknown}
 g - a scroll of amnesia {unknown}
 k - a scroll of enchant weapon {unknown}
 l - 2 scrolls of revelation {unknown}
 n - 3 scrolls of enchant armour {unknown}
 p - 2 scrolls of blinking {@r4}
 q - 2 scrolls of teleportation {unknown}
Potions
 i - 2 potions of curing {unknown}
 m - a potion of attraction {unknown}
 s - a potion of resistance


   Skills:
 + Level 4.7 Fighting
 * Level 6.5 Long Blades
 - Level 0.8 Throwing
 - Level 0.8 Armour
 - Level 1.7 Dodging
 - Level 1.7 Spellcasting
 - Level 3.0 Translocations


You had 9 spell levels left.
You didn't know any spells.
Your spell library contained the following spells:

 Spells                   Type           Power      Damage    Failure   Level
 Blink                    Tloc           16%        N/A       16%         2
 Lesser Beckoning         Tloc           16%        N/A       16%         2
 Teleport Other           Tloc           8%         N/A       30%         3
 Sting                    Conj/Alch      4%         1d3       34%         1
 Mercury Vapours          Alch/Air       2%         N/A       47%         2
 Inner Flame              Hex/Fire       1%         N/A       71%         3
 Manifold Assault         Tloc           8%         N/A       71%         4
 Vhi's Electric Charge    Tloc/Air       8%         N/A       88%         4
 Olgreb's Toxic Radiance  Alch           1%         N/A       98%         4
 Irradiate                Conj/Alch      0%         3d11      100%        5
 Ignition                 Fire           0%         3d3       100%        8
 Summon Small Mammal      Summ           Unusable   N/A       N/A         1
 Call Canine Familiar     Summ           Unusable   N/A       N/A         3
 Summon Blazeheart Golem  Fire/Summ      Unusable   N/A       N/A         4

Dungeon Overview and Level Annotations

Branches:
Dungeon (5/15)             Temple (1/1) D:5

Altars:
Ashenzari
Cheibriados
Dithmenos
Gozag
Hepliaklqana
Nemelex Xobeh
Okawaru
Qazlal
Ru
Sif Muna
Trog
Vehumet
Xom
The Shining One

Shops:
D:3 :


Innate Abilities, Weirdness & Mutations

You can wield a second weapon in your off-hand.
It takes a long time for you to wield or remove held weapons.
Your first few attacks do less damage.
You cannot equip rings or amulets.


Message History

The white imp closely misses you. The water moccasin bites you.
You are poisoned.
The water moccasin poisons you!
You barely miss the water moccasin with your +0 falchion.
The water moccasin is almost dead.
You barely miss the water moccasin with your +0 long sword.
You feel very sick. The white imp barely misses you.
The water moccasin misses you.
You miss the water moccasin with your +0 long sword.
The water moccasin is almost dead.
You closely miss the water moccasin with your +0 falchion.
You feel very sick. The water moccasin barely misses you.
The white imp gestures at you.
The puff of frost is repelled.
The water moccasin bites you!
You are more poisoned.
The water moccasin poisons you! The white imp barely misses you.
You closely miss the water moccasin with your +0 falchion.
The water moccasin is almost dead.
You closely miss the water moccasin with your +0 long sword.
You feel very sick. The water moccasin bites you!
* * * LOW HITPOINT WARNING * * *
The white imp misses you.
You closely miss the water moccasin with your +0 falchion.
The water moccasin is almost dead.
You hit the water moccasin but do no damage.
* * * LOW HITPOINT WARNING * * *
You feel very sick. The water moccasin closely misses you.
The water moccasin bites you.
* * * LOW HITPOINT WARNING * * *
You are more poisoned.
The water moccasin poisons you!
The white imp hits you but does no damage.
It was a potion of resistance.
You feel protected.
* * * LOW HITPOINT WARNING * * *
You feel very sick. The water moccasin bites you!
You die...

#........................
#.........###...........
#......#..###........<.#
#.........#.........####
#.....#.#........<..##
#.....................###
.......#.⌠.#...##.........
.....#....S..#............
...#...⌠5@.⌠...#........##
.....#.......#..........##
.......#.).#.............#
##.........#............
##...#.#.##.......###.. ##
##..............)# #.
+###.# #...#...###.....#
##. ...... ##......##
##....###.. ...#
####.......# #.....#...


You could see a water moccasin and a white imp.

Vanquished Creatures
  An ogre (D:5)
  A scorpion (D:4)
  A bombardier beetle (D:4)
  3 hounds
  An orc priest (D:3)
  A sleepcap (D:3)
  An iguana (D:5)
  An orc wizard (D:5)
  3 gnolls
  5 adders
  A shadow imp (Temple)
  2 ufetubi
  4 dart slugs
  8 orcs
  A bat (D:3)
  6 endoplasms
  3 giant cockroaches
  5 goblins
  7 hobgoblins
  13 jackals
  11 kobolds
  4 quokkas
  6 ball pythons
  A frilled lizard (D:1)
  6 rats
96 creatures vanquished.

Notes
Turn   | Place    | Note
-------+----------+-------------------------------------------
     0 | D:1      | Vorinclex the Coglin Warper began the quest for the Orb.
     0 | D:1      | Reached XP level 1. HP: 16/16 MP: 3/3
    10 | D:1      | Found a faded altar of an unknown god.
    53 | D:1      | Reached XP level 2. HP: 22/22 MP: 4/4
   193 | D:1      | Reached skill level 3 in Long Blades
   197 | D:1      | Reached XP level 3. HP: 28/28 MP: 5/5
   880 | D:2      | Reached XP level 4. HP: 20/34 MP: 6/6
  1559 | D:3      | Reached skill level 4 in Long Blades
  1559 | D:3      | Reached XP level 5. HP: 22/41 MP: 7/7
  1877 | D:3      | Found Tugusseq's Vocational Training.
  2227 | D:4      | Reached skill level 5 in Long Blades
  2240 | D:4      | Reached XP level 6. HP: 42/48 MP: 8/8
  2738 | D:4      | Found a snail-covered altar of Cheibriados.
  2996 | D:5      | Entered Level 5 of the Dungeon
  2999 | D:5      | Noticed an ice beast
  3202 | D:5      | Found a bloodstained altar of Trog.
  3232 | D:5      | Reached skill level 6 in Long Blades
  3232 | D:5      | Reached XP level 7. HP: 55/55 MP: 9/9
  3509 | D:5      | Found a staircase to the Ecumenical Temple.
  3549 | Temple   | Entered the Ecumenical Temple
  3661 | Temple   | Became a worshipper of Warmaster Okawaru
  3930 | D:5      | HP: 2/55 [poisoned by a water moccasin]
  3930 | D:5      | Slain by a water moccasin

Illustrated notes

Levels and vault maps discovered:
D:1:      spicycebolla_green_bress_n_ham, layout_rooms, serial_curves,
          eino_curves_04, eino_curves_02, eino_curves_03, eino_curves_03,
          ebering_ecumenical_altar_hall
D:2:      layout_basic, small_statue_intersection, minivault_4
D:3:      layout_basic, minivault_23, minivault_24, nicolae_shop_vocational
D:4:      layout_loops_ring, lemuel_doored_altar
D:5:      cheibrodos_fertilizer, layout_layer_cave, lightli_temple_of_fire,
          minmay_temple_entry_sparse_star, enter_ossuary_4, serial_demonic,
          serial_demonic_g, serial_demonic_c, serial_demonic_a, serial_demonic_f
Temple:   chequers_temple_sunken

Skill      XL: |  1  2  3  4  5  6 |
---------------+-------------------+-----
Long Blades    | 3 4 5 6 |  6.5
Fighting       | 3 4 |  4.7
Throwing       | |  0.8
Armour         | |  0.8
Dodging        | |  1.7
Spellcasting   | |  1.7
Translocations | |  3.0

Action                     |  1- 3 |  4- 6 |  7- 9 || total
---------------------------+-------+-------+-------++-------
  Melee: Falchion          |    86 |   122 |    56 ||   264
         Club              |    62 |       |       ||    62
         Short sword       |    17 |    85 |       ||   102
         Long sword        |       |    36 |    61 ||    97
  Evoke: Wand              |       |     1 |       ||     1
    Use: Potion            |       |       |     1 ||     1
   Stab: Distracted        |     1 |     1 |       ||     2
         Sleeping          |       |     1 |       ||     1
         Invisible         |       |     2 |       ||     2
 Armour: Leather armour    |    49 |    73 |    63 ||   185
  Dodge: Dodged            |    50 |    67 |    47 ||   164
         Repelled          |       |     1 |     2 ||     3

Table legend: (Time is in decaauts)
 A = Elapsed time spent in this place.
 B = Non-inter-level travel time spent in this place.
 C = Inter-level travel time spent in this place.
 D = Time resting spent in this place.
 E = Time spent auto-exploring this place.
 F = Levels seen in this place.
 G = Mean time per level.
                   A        B        C        D        E       F      G
               +--------+--------+--------+--------+--------+-----+--------+
         Total |   3957 |   3572 |    385 |    661 |   2215 |   6 |  659.5 |
       Dungeon |   3606 |   3235 |    371 |    343 |   2215 |   5 |  721.2 |
        Temple |    351 |    338 |     13 |    318 |      0 |   1 |  351.0 |
               +--------+--------+--------+--------+--------+-----+--------+

Top non-repeatable levels by time:
     D:4: 854 daAuts
     D:1: 817 daAuts
     D:3: 718 daAuts
     D:2: 700 daAuts
     D:5: 515 daAuts
  Temple: 351 daAuts
